 Dungeon Crawl Stone Soup version 0.20-a0-950-g92a50c4 (webtiles) character file.

119 qqqbard the Twirler (level 4, 0/40 HPs)
             Began as a Minotaur Gladiator on Apr 4, 2017.
             Slain by a goblin
             ... wielding a +0 club
             ... led by Robin
              (2 damage)
             ... on level 2 of the Dungeon.
             The game lasted 00:02:49 (1124 turns).

qqqbard the Twirler (Minotaur Gladiator)            Turns: 1124, Time: 00:02:49

Health: 0/40       AC:  3    Str: 19    XL:     4   Next: 74%
Magic:  3/3        EV: 13    Int:  5    God:
Gold:   92         SH:  0    Dex: 12    Spells: 3/3 levels left

rFire    . . .     SeeInvis .   a - +0 quarterstaff
rCold    . . .     Gourm    .   (shield currently unavailable)
rNeg     . . .     Faith    .   b - +0 leather armour
rPois    .         Spirit   .   c - +0 hat
rElec    .         Reflect  .   (no cloak)
rCorr    .         Harm     .   (no gloves)
MR       .....                  (no boots)
Stlth    +.........             o - amulet of regeneration
Regen    0.6/turn               (no ring)
MPRegen  0.1/turn               (no ring)

@: no status effects
A: retaliatory headbutt, horns 2
a: no special abilities


You were on level 2 of the Dungeon.
You were not hungry.

You visited 1 branch of the dungeon, and saw 2 of its levels.

You collected 92 gold pieces.

Inventory:

Hand Weapons
 a - a +0 quarterstaff (weapon)
Missiles
 d - 3 throwing nets (quivered)
Armour
 b - a +0 leather armour (worn)
 c - a +0 hat (worn)
 s - a +2 buckler
Jewellery
 i - an uncursed ring of wizardry
 o - an amulet of regeneration (around neck)
 p - an uncursed amulet of regeneration
Scrolls
 e - 2 scrolls of identify
 j - a scroll of fog {unknown}
 n - a scroll of enchant weapon {unknown}
 q - a scroll of teleportation {unknown}
Potions
 h - a potion of berserk rage {unknown}
 l - a potion of heal wounds {unknown}
 r - a potion of cancellation {unknown}
 u - a potion of ambrosia {unknown}
Comestibles
 f - 2 bread rations
 g - 9 chunks of flesh
 k - 2 royal jellies
 m - a meat ration
 t - 11 fruits


   Skills:
 + Level 3.7 Fighting
 * Level 5.0 Staves
 - Level 2.0 Throwing
 + Level 1.9 Armour
 + Level 4.0 Dodging


You had 3 spell levels left.
You didn't know any spells.

Dungeon Overview and Level Annotations

Branches:
Dungeon (2/15)

Altars:
Fedhas

Annotations:
D:2 Robin


Innate Abilities, Weirdness & Mutations

You reflexively headbutt those who attack you in melee.
You have a pair of horns on your head.


Message History

You hit the goblin.
You kill the goblin!
The hobgoblin hits you.
* * * LOW HITPOINT WARNING * * *
You hit the hobgoblin.
You headbutt the hobgoblin, but do no damage.
The hobgoblin is almost dead.
Robin barely misses you. The hobgoblin hits you.
* * * LOW HITPOINT WARNING * * *
Robin throws the goblin at you!
You completely miss the goblin. You headbutt the goblin.
The goblin is almost dead.
The hobgoblin hits you.
* * * LOW HITPOINT WARNING * * *
The goblin hits you with a club.
* * * LOW HITPOINT WARNING * * *
Unknown command.
The goblin hits you with a club.
You die...

.#########.........#.#
.........#...........#
...>..##.#†#.#..#.#.####
...<..##.....#........g#
......##.÷........#.##.#
......##.....##...#..#.##
......##............#)..#
......##...........#)#..#
......##.......>@#.#)#..#
................gg)g....#
###.......##.#.##.#
#.......##.#.# .# .......
#.... .# ####### ###.##
#.# #.# .#


You could see Robin, a hobgoblin and a goblin.

Vanquished Creatures
  Terence (D:2)
  2 adders (D:2)
  2 dart slugs (D:1)
  2 leopard geckos (D:2)
  2 giant cockroaches
  14 goblins
  10 hobgoblins
  7 jackals
  5 kobolds
  9 bats
  8 frilled lizards
  2 rats (D:1)
64 creatures vanquished.

Notes
Turn   | Place    | Note
-------+----------+-------------------------------------------
     0 | D:1      | qqqbard the Minotaur Gladiator began the quest for the Orb.
     0 | D:1      | Reached XP level 1. HP: 18/18 MP: 0/0
    57 | D:1      | Reached XP level 2. HP: 9/25 MP: 1/1
   194 | D:1      | Reached skill level 4 in Staves
   356 | D:1      | Reached skill level 1 in Armour
   356 | D:1      | Reached XP level 3. HP: 25/31 MP: 2/2
   696 | D:2      | Noticed Terence
   712 | D:2      | Killed Terence
   712 | D:2      | Reached XP level 4. HP: 16/38 MP: 0/3
   947 | D:2      | Found a blossoming altar of Fedhas.
  1097 | D:2      | Noticed Robin
  1107 | D:2      | Reached skill level 5 in Staves
  1123 | D:2      | HP: 2/40 [goblin/club[Robin] (4)]
  1124 | D:2      | Slain by a goblin

Vault maps used:
D:1:      lightli_arrival_boilingwater, glass_columns_a, serial_bayou_pond_e
D:2:      first_bread, fedhas_altar_fruit_tree, uniq_terence, uniq_robin

Skill      XL: |  1  2  3  4 |
---------------+-------------+-----
Staves         | 4 5 |  5.0
Fighting       | 3 |  3.7
Armour         | 1 |  1.9
Dodging        | 4 |  4.0
Throwing       | |  2.0

Action                   |  1- 3 |  4- 6 || total
-------------------------+-------+-------++-------
Melee: Quarterstaff      |    71 |    49 ||   120
       Headbutt          |    11 |     6 ||    17
  Use: Scroll            |     2 |       ||     2
  Eat: Chunk             |       |     1 ||     1
Armor: Leather armour    |    11 |    18 ||    29
Dodge: Dodged            |    57 |    37 ||    94
